 Dungeon Crawl Stone Soup version 0.18.1-8-gdd0e5ea (webtiles) character file.

58 stultus the Skirmisher (level 4, -4/40 HPs)
             Began as a Hill Orc Berserker on June 4, 2016.
             Was a Believer of Trog.
             Slain by an adder (5 damage)
             ... on level 2 of the Dungeon.
             The game lasted 00:15:50 (1562 turns).

stultus the Skirmisher (Hill Orc Berserker)         Turns: 1562, Time: 00:15:50

Health: -4/40      AC:  3    Str: 20    XL:     4   Next: 2%
Magic:  4/4        EV: 12    Int:  7    God:    Trog [**....]
Gold:   83         SH:  0    Dex: 10    Spells: 0 memorised, 3 levels left

rFire  . . .     SeeInvis .     m - +0 dagger (curse)
rCold  . . .     Gourm    .     k - +0 leather armour
rNeg   . . .     Faith    .     (no shield)
rPois  .         Spirit   .     (no helmet)
rElec  .         Dismiss  .     (no cloak)
rCorr  .         Reflect  .     (no gloves)
SustAt .         Harm     .     (no boots)
MR     .....                    (no amulet)
Stlth  +.........               (no ring)
                                (no ring)

@: lethally poisoned (-4 -> -7), not resistant to hostile enchantments, very
unstealthy
A: no striking features
a: Berserk, Trog's Hand, Burn Spellbooks, Renounce Religion


You were on level 2 of the Dungeon.
You worshipped Trog.
Trog was pleased with you.
You were not hungry.

You visited 1 branch of the dungeon, and saw 3 of its levels.

You collected 83 gold pieces.

Inventory:

Hand Weapons
 f - a +0 club
 m - a cursed +0 dagger (weapon)
Missiles
 c - 41 stones (quivered)
Armour
 a - a +0 animal skin
 j - a +0 leather armour
 k - a +0 leather armour (worn)
 n - a +0 robe
Scrolls
 d - 2 scrolls of identify {unknown}
 g - a scroll of immolation {unknown}
 h - a scroll of enchant weapon {unknown}
 l - a scroll of recharging {unknown}
 p - a scroll of enchant armour {unknown}
Potions
 e - a potion of cancellation {unknown}
 o - a potion of mutation {unknown}
 q - a potion of resistance {unknown}
Comestibles
 i - a royal jelly


   Skills:
 + Level 4.2 Fighting
 + Level 0.2 Maces & Flails
 + Level 0.1 Throwing
 + Level 2.8 Armour
 + Level 2.3 Dodging
 + Level 0.1 Stealth
 + Level 3.6 Unarmed Combat


You had 3 spell levels left.
You didn't know any spells.

Dungeon Overview and Level Annotations

Branches:
Dungeon (3/15)

Altars:


Message History

You are poisoned.
The adder poisons you! The adder bites you.
You are more poisoned.
The adder poisons you!
You barely miss the adder.
You feel sick. The adder barely misses you.
You hit the adder.
The adder is moderately wounded.
You feel sick. The adder barely misses you.
You barely miss the adder.
The adder is moderately wounded.
You feel sick. The adder bites you.
* * * LOW HITPOINT WARNING * * *
The adder bites you.
* * * LOW HITPOINT WARNING * * *
You feel sick. The adder bites you.
* * * LOW HITPOINT WARNING * * *
There is an open door, spattered with blood here.
* * * LOW HITPOINT WARNING * * *
You feel sick. The adder bites you.
You die...

...)#####.#.#
.............
....#####.#.#
....#####.#.#########+#
>.....................#
..#########.####......#
..+.........# #......#
..##...###### #.####.#
..##...# #@.# #
..##...# #######S###
####...# #.......>.#
†...)..# #.........#
.......# #.........#
.....### #.........#
.....# #....?w...#
.....# #.........#
###### ...........#


You could see an adder.

Vanquished Creatures
  An adder (D:2)
  A dart slug (D:1)
  3 giant geckos (D:1)
  3 giant cockroaches (D:1)
  4 goblins
  9 hobgoblins
  3 kobolds
  A ball python (D:1)
  6 bats (D:1)
  4 giant newts
  5 rats (D:1)
  A plant (D:1)
41 creatures vanquished.

Notes
Turn   | Place    | Note
--------------------------------------------------------------
     0 | D:1      | stultus the Hill Orc Berserker began the quest for the Orb.
     0 | D:1      | Reached XP level 1. HP: 19/19 MP: 1/1
   248 | D:1      | Reached XP level 2. HP: 27/27 MP: 2/2
   746 | D:1      | Reached XP level 3. HP: 29/33 MP: 3/3
   834 | D:1      | Reached ** piety under Trog
   934 | D:1      | Reached skill level 4 in Fighting
  1523 | D:2      | Reached XP level 4. HP: 9/40 MP: 4/4
  1560 | D:2      | HP: 2/40 [adder (5)]
  1562 | D:2      | Slain by an adder

Skill      XL: |  1  2  3 |
---------------+----------+-----
Dodging        | 2 |  2.3
Fighting       | 4 |  4.2
Maces & Flails | |  0.2
Throwing       | |  0.1
Armour         | |  2.8
Stealth        | |  0.1
Unarmed Combat | |  3.6

Action                   |  1- 3 |  4- 6 || total
-------------------------+-------+-------++-------
Melee: Unarmed           |    77 |       ||    77
       Club              |    52 |       ||    52
       Punch             |     9 |       ||     9
       Dagger            |   138 |     6 ||   144
Throw: Stone             |     7 |       ||     7
Invok: Berserk           |     1 |       ||     1
       Trog's Hand       |     1 |       ||     1
  Eat: Chunk             |     1 |       ||     1
       Bread ration      |     1 |       ||     1
Armor: Animal skin       |    17 |       ||    17
       Leather armour    |    43 |       ||    43
Dodge: Dodged            |   145 |     4 ||   149
